 Seeded DCSS version 0.31-a0-1074-g0b22e4e0f1 (webtiles) character file.

Game seed: 16630335833703923360 (custom seed)

25847 timneilson the Blocker (level 13, -13/84 HPs)
             Began as a Gargoyle Fighter on Dec 2, 2023.
             Was the Champion of Qazlal.
             Mangled by a sphinx (20 damage)
             ... summoned by Kirke
             ... on level 12 of the Dungeon.
             The game lasted 00:46:11 (14226 turns).

timneilson the Blocker (Gargoyle Fighter)          Turns: 14226, Time: 00:46:11

Health: -13/84     AC:  3    Str: 20    XL:     13   Next: 22%
Magic:  0/18       EV: 16    Int: 10    God:    Qazlal [******]
Gold:   868        SH:  8    Dex: 13    Spells: 12/12 levels left

rFire   . . .        D - melded +0 scimitar
rCold   . . .        l - melded +0 kite shield {reflect}
rNeg    + . .        J - melded +4 plate armour {rC+}
rPois   ∞            u - melded +1 helmet
rElec   .            R - melded +0 cloak "Jostro Guss" {rF++ rN++ MP+9}
rCorr   .            F - melded +2 pair of gloves "Peocsesh" {Int+4}
SInv    .            H - melded +0 pair of boots
Will    .....        n - amulet of guardian spirit
Stlth   +            j - melded ring of flight
HPRegen 0.34/turn    P - melded +5 ring of evasion
MPRegen 0.16/turn

%: repel missiles, guardian spirit
@: pig-form, protected from physical damage, slowed, studying 2 skills
A: fast, no casting, sickness immunity, AC +9, small, negative energy resistance
1, (electricity resistance), torment resistance 1, petrification resistance
a: Renounce Religion, Upheaval, Elemental Force, Disaster Area


You were on level 12 of the Dungeon.
You worshipped Qazlal.
Qazlal was exalted by your worship.
You were a filthy swine.
You visited 1 branch of the dungeon, and saw 12 of its levels.
You also visited: Sewer, Ossuary, Bailey and Gauntlet.

You collected 868 gold pieces.

Inventory:

Hand Weapons
 a - a +1 long sword
 D - a +0 scimitar (melded)
Missiles
 K - a throwing net
Armour
 l - a +0 kite shield of reflection (melded)
 u - a +1 helmet (melded)
 F - the +2 pair of gloves "Peocsesh" (melded) {Int+4}
   (You found it on level 8 of the Dungeon)

   Int+4:     It affects your intelligence (+4).
 H - a +0 pair of boots (melded)
 J - a +4 plate armour of cold resistance (melded)
 R - the +0 cloak "Jostro Guss" (melded) {rF++ rN++ MP+9}
   (You found it in a Gauntlet)

   rF++:      It greatly protects you from fire.
   rN++:      It greatly protects you from negative energy.
   MP+9:      It affects your magic capacity (+9).
Jewellery
 j - a ring of flight (melded)
 n - an amulet of guardian spirit (around neck)
 N - the ring "Neun" {Ice Will- MP+9 Dex+8}
   (You found it on level 7 of the Dungeon)

   [ring of ice]

   Ice:       It enhances your ice magic.
   Dex+8:     It affects your dexterity (+8).
   rF-:       It makes you vulnerable to fire.
   rC+:       It protects you from cold.
   Will-:     It decreases your willpower.
   MP+9:      It affects your magic capacity (+9).
 P - a +5 ring of evasion (melded)
 S - the ring "Tadotewi" {Ice Will+ rCorr Int+3 Dex-4}
   (You found it in a Gauntlet)

   [ring of ice]

   Ice:       It enhances your ice magic.
   Int+3:     It affects your intelligence (+3).
   Dex-4:     It affects your dexterity (-4).
   rF-:       It makes you vulnerable to fire.
   rC+:       It protects you from cold.
   Will+:     It increases your willpower.
   rCorr:     It protects you from acid and corrosion.
Wands
 c - a wand of charming (29)
 k - a wand of acid (4)
 s - a wand of polymorph (13)
 v - a wand of iceblast (8)
 E - a wand of flame (46)
 O - a wand of mindburst (22)
 Q - a wand of digging (2)
Scrolls
 d - a scroll of blinking
 o - 8 scrolls of teleportation
 p - 3 scrolls of fog
 t - a scroll of torment
 w - a scroll of enchant weapon
 x - 2 scrolls of enchant armour
 y - 4 scrolls of poison
 z - 2 scrolls of summoning
 C - 4 scrolls of amnesia
 G - a scroll of immolation
 M - 3 scrolls of fear
Potions
 b - 2 potions of ambrosia
 e - 5 potions of curing
 f - 3 potions of resistance
 g - a potion of berserk rage {unknown}
 h - 5 potions of mutation
 i - 4 potions of magic
 m - 2 potions of brilliance {unknown}
 q - 2 potions of haste
 r - 2 potions of lignification {unknown}
 A - 2 potions of invisibility {unknown}
 I - a potion of cancellation {unknown}
Miscellaneous
 L - a lightning rod (4/4)
 T - a sack of spiders


   Skills:
 * Level 11.0 Fighting
 * Level 9.0 Long Blades
 * Level 11.0 Armour
 + Level 5.7 Dodging
 * Level 14.7 Shields
 + Level 7.6 Invocations
 + Level 5.4 Evocations


You had 12 spell levels left.
You didn't know any spells.
Your spell library contained the following spells:

 Spells                   Type           Power      Damage    Failure   Level
 Freeze                   Ice            0%         1d3       36%         1
 Necrotise                Necr           0%         1d4       36%         1
 Shock                    Conj/Air       0%         1d3       36%         1
 Sting                    Tmut/Pois      0%         1d3       36%         1
 Blink                    Tloc           0%         N/A       50%         2
 Lesser Beckoning         Tloc           0%         N/A       50%         2
 Momentum Strike          Conj/Tloc      0%         3d8       50%         2
 Poisonous Vapours        Pois/Air       0%         N/A       50%         2
 Frozen Ramparts          Ice            0%         1d1       75%         3
 Gell's Gravitas          Tloc           0%         N/A       75%         3
 Mephitic Cloud           Conj/Pois/Air  0%         N/A       75%         3
 Ozocubu's Armour         Ice            0%         N/A       75%         3
 Swiftness                Air            0%         N/A       75%         3
 Teleport Other           Tloc           0%         N/A       75%         3
 Vampiric Draining        Necr           0%         2d6       75%         3
 Airstrike                Air            0%         2d(0-16)  98%         4
 Dispel Undead            Necr           0%         3d6       98%         4
 Manifold Assault         Tloc           0%         N/A       98%         4
 Olgreb's Toxic Radiance  Pois           0%         N/A       98%         4
 Petrify                  Tmut/Erth      0%         N/A       98%         4
 Agony                    Necr           0%         N/A       100%        5
 Freezing Cloud           Conj/Ice/Air   0%         6-21      100%        5
 Irradiate                Conj/Tmut      0%         3d11      100%        5
 Metabolic Englaciation   Hex/Ice        0%         N/A       100%        5
 Silence                  Hex/Air        0%         N/A       100%        5
 Conjure Ball Lightning   Conj/Air       0%         3x3d6     100%        6
 Death Channel            Necr           0%         N/A       100%        6
 Dispersal                Tloc           0%         N/A       100%        6
 Discord                  Hex            0%         N/A       100%        8
 Disjunction              Tloc           0%         N/A       100%        8
 Chain Lightning          Conj/Air       0%         N/A       100%        9
 Cigotuvi's Dreadful Rot  Necr/Pois/Air  Unusable   N/A       N/A         2
 Sublimation of Blood     Necr           Unusable   N/A       N/A         2

Dungeon Overview and Level Annotations

Branches:
Dungeon (12/15)            Temple (0/1) D:4            Lair (0/5) D:10
    Orc (0/2) D:11          Sewer (visited)         Ossuary (visited)
 Bailey (visited)         Gauntlet (visited)

Altars:
Ashenzari
Dithmenos
Fedhas
Gozag
Qazlal
Ru
Xom

Shops:
D:11 :

Annotations:
D:10 3 runed translucent doors, Sundig's ghost, journeyman FoFi
D:12 2 runed translucent doors, Kirke; tbh1313's ghost, journeyman MiBe


Innate Abilities, Weirdness & Mutations

You are a filthy swine.
You move quickly.
Your equipment is almost entirely melded.
You are incapable of wielding weapons or throwing items.
You cannot cast spells.
You are immune to sickness and miasma.
((Your stone body is resilient. (AC +9)))
You are immune to poison.
You resist negative energy. (rN+)
((You are resistant to electric shocks. (rElec)))
You are resistant to unholy torment.
You are immune to petrification.


Message History

You are confused.
You bump into the rock wall.
The sphinx mumbles some strange words.
You are more confused.
You bump into the rock wall.
You bump into the rock wall.
The sphinx casts a spell.
You feel yourself slow down. The sphinx barely misses you. The sphinx hits you!
The sphinx hits you but does no damage.
You bump into the rock wall.
The sphinx hits you!! The sphinx hits you! The sphinx hits you.
The lindwurm barely misses you. The lindwurm completely misses you.
The lindwurm misses you. The sphinx completely misses you.
The sphinx misses you. The sphinx hits you!
You hit the lindwurm.
The lindwurm is lightly wounded.
The lindwurm closely misses you. The lindwurm claws you. x2
The sphinx hits you!
* * * LOW HITPOINT WARNING * * *
The sphinx hits you!
* * * LOW HITPOINT WARNING * * *
The sphinx hits you.
* * * LOW HITPOINT WARNING * * *
You feel more protected from physical attacks.
Unknown command.
You feel better. The sphinx misses you. The sphinx hits you.
* * * LOW HITPOINT WARNING * * *
You feel more protected from physical attacks.
The sphinx hits you.
* * * LOW HITPOINT WARNING * * *
You feel more protected from physical attacks.
The lindwurm breathes flames at you.
The blast of flame is repelled.
The sphinx misses you. The sphinx hits you!
* * * LOW HITPOINT WARNING * * *
The sphinx hits you!
* * * LOW HITPOINT WARNING * * *
You feel more protected from physical attacks.
Unknown command.
The sphinx attacks as it pursues you! The sphinx hits you!!
You die...

#.# #.# #### #.#
#.# #..# #.# #.#
#.$# #.# #.# #..#
#.# #.# #..# #.#
#># #).# #.# #.#
#.##..#####.####.#
#..)†hhhhH.k.Hh..#
####H#############
#h #h hh ##


You could see a sphinx (summoned), a manticore (summoned), a lindwurm (summoned,
catching breath) and 2 hogs.

Vanquished Creatures
  A minotaur (Gauntlet)
  A hydra (D:8)
  A boulder beetle (D:11)
  3 two-headed ogres (D:8)
  4 sixfirhies (Gauntlet)
  The ghost of ShellytheWitch the Slicer, a novice KoBr (D:7)
  An orc knight (Bailey)
  A deep elf pyromancer (Bailey)
  A moth of wrath (Gauntlet)
  3 cyclopes
  A manticore (D:8)
  A gargoyle (D:7)
  A kobold demonologist (D:11)
  A freezing wraith (D:8)
  A komodo dragon (D:10)
  A yaktaur (D:8)
  2 hornets
  A wolf spider simulacrum (Gauntlet)
  3 trolls
  2 centaur simulacra (Gauntlet)
  A shadow (D:8)
  3 wraiths
  6 wyverns
  11 yaks
  A basilisk (D:8)
  4 vampire mosquitoes (D:9)
  3 steam dragons
  3 hogs (D:12)
  Grum (D:7)
  A warg (D:11)
  A harpy simulacrum (Gauntlet)
  4 water moccasins
  An acid dragon (D:10)
  21 orc warriors
  A meliai simulacrum (D:12)
  3 ice beasts
  3 sky beasts
  2 black bears
  2 centaurs
  9 wolves
  2 ogres (D:6)
  2 phantoms
  An elf zombie (Ossuary)
  10 kobold brigands
  8 bullfrogs
  5 gnoll sergeants
  3 scorpions
  4 wights (D:7)
  8 killer bees
  8 howler monkeys
  A centaur zombie (Ossuary)
  4 hounds
  4 human zombies (Ossuary)
  10 orc priests
  5 jellies
  A gnoll bouda (D:7)
  A sleepcap (D:6)
  23 orc wizards
  2 mummies (Ossuary)
  Robin (D:4)
  18 gnolls
  7 adders
  2 river rats
  2 shadow imps
  A white imp (D:7)
  2 ufetubi (D:5)
  5 worms
  3 dart slugs
  39 orcs
  4 endoplasms
  3 giant cockroaches
  17 goblins
  9 hobgoblins
  3 jackals
  51 kobolds
  2 quokkas
  14 ball pythons
  A bat (D:1)
  4 frilled lizards
  2 goblin zombies (Ossuary)
  11 hobgoblin zombies (Ossuary)
  A jackal zombie (Ossuary)
  8 kobold zombies (Ossuary)
  6 orc zombies (Ossuary)
  12 rats
  2 rat zombies (Ossuary)
444 creatures vanquished.

Vanquished Creatures (others)
  A boggart (D:7)
  A kobold brigand (D:8)
  An orc wizard (D:7)
  A kobold (D:9)
4 creatures vanquished.

Grand Total: 448 creatures vanquished

Notes
Turn   | Place    | Note
-------+----------+-------------------------------------------
     0 | D:1      | timneilson the Gargoyle Fighter began the quest for the
                  | Orb.
     0 | D:1      | Reached XP level 1. HP: 14/14 MP: 1/1
    48 | D:1      | Reached XP level 2. HP: 7/19 MP: 2/2
   561 | D:1      | Reached XP level 3. HP: 18/23 MP: 3/3
   949 | D:2      | Found a stormy altar of Qazlal.
   972 | D:2      | Became a worshipper of Qazlal Stormbringer
  1504 | D:2      | Identified a scroll of acquirement
  1504 | D:2      | Acquired a manual of Shields
  1792 | D:3      | Found a blossoming altar of Fedhas.
  1855 | D:3      | Reached XP level 4. HP: 29/29 MP: 4/4
  2229 | D:4      | Reached skill level 4 in Shields
  2233 | D:4      | Reached * piety under Qazlal
  2244 | D:4      | Found a staircase to the Ecumenical Temple.
  2264 | D:4      | Found a sand-covered staircase.
  2268 | Ossuary  | Entered an ossuary
  2399 | Ossuary  | Reached XP level 5. HP: 28/33 MP: 3/5
  2429 | Ossuary  | Reached skill level 1 in Invocations
  2521 | Ossuary  | Reached skill level 1 in Dodging
  2521 | Ossuary  | Reached XP level 6. HP: 39/39 MP: 5/7
  2592 | Ossuary  | Reached skill level 5 in Shields
  2613 | Ossuary  | Reached ** piety under Qazlal
  2791 | D:4      | Noticed Robin
  2838 | D:4      | Reached XP level 7. HP: 42/44 MP: 8/8
  2889 | D:4      | Killed Robin
  3027 | D:4      | Found a shadowy altar of Dithmenos.
  3117 | D:4      | Found a sacrificial altar of Ru.
  3120 | D:4      | Found a broken altar of Ashenzari.
  3123 | D:4      | Found a stormy altar of Qazlal.
  3126 | D:4      | Found a shimmering altar of Xom.
  3375 | D:5      | Entered Level 5 of the Dungeon
  3399 | D:4      | Reached skill level 5 in Armour
  3399 | D:4      | Reached skill level 6 in Shields
  3401 | D:4      | HP: 1/44 [hound (3)]
  3524 | D:5      | Reached skill level 5 in Fighting
  3688 | D:5      | Reached XP level 8. HP: 48/49 MP: 7/9
  3771 | D:5      | Reached *** piety under Qazlal
  4141 | D:6      | Reached skill level 7 in Shields
  4197 | D:6      | Acquired the +1 plate armour of Gutiuwk {Slay+3}
  4317 | D:6      | Found a glowing drain.
  4325 | Sewer    | Entered a sewer
  4745 | D:6      | Reached skill level 1 in Evocations
  5055 | D:6      | Noticed a wyvern
  5071 | D:6      | Killed a wyvern
  5072 | D:6      | Reached skill level 8 in Shields
  5072 | D:6      | Reached XP level 9. HP: 32/55 MP: 5/11
  5321 | D:7      | Identified the +1 buckler of Disimufi {rPois rC+ Will+
                  | Int-3}
  5332 | D:7      | Reached skill level 5 in Long Blades
  5366 | D:7      | Found a transporter.
  5367 | D:7      | Noticed ShellytheWitch's ghost (novice KoBr)
  5368 | D:7      | Found a transporter.
  5390 | D:7      | Noticed Grum
  5534 | D:7      | Noticed a hornet
  5542 | D:7      | Killed a hornet
  5542 | D:7      | Reached **** piety under Qazlal
  5727 | D:7      | Reached skill level 9 in Shields
  5740 | D:7      | Identified the -1 cloak of Burr {Will+}
  6230 | D:8      | Noticed a two-headed ogre
  6236 | D:8      | Reached XP level 10. HP: 18/63 MP: 1/13
  6421 | D:8      | Killed a two-headed ogre
  6422 | D:8      | Reached skill level 10 in Shields
  6518 | D:8      | Noticed a two-headed ogre
  6532 | D:8      | Killed a two-headed ogre
  6584 | D:8      | Noticed a gargoyle
  6584 | D:8      | Noticed a four-headed hydra
  6584 | D:8      | Noticed a manticore
  6614 | D:8      | Killed a four-headed hydra
  6619 | D:8      | Reached skill level 11 in Shields
  6626 | D:8      | Reached skill level 5 in Invocations
  6860 | D:7      | Killed a gargoyle
  6974 | D:8      | Reached XP level 11. HP: 64/69 MP: 12/14
  7482 | D:8      | Reached ***** piety under Qazlal
  7874 | D:8      | Identified the +2 pair of gloves "Peocsesh" {Int+4}
  7940 | D:8      | Reached skill level 12 in Shields
  8099 | D:8      | Killed a manticore
  8104 | D:8      | Noticed a two-headed ogre
  8133 | D:8      | Killed a two-headed ogre
  9843 | D:10     | Entered Level 10 of the Dungeon
  9893 | D:10     | Found a flagged portal.
  9922 | Bailey   | Entered a bailey
  9961 | Bailey   | Noticed an orc knight
  9983 | Bailey   | Killed an orc knight
  9984 | Bailey   | Reached XP level 12. HP: 32/77 MP: 7/16
 10210 | Bailey   | Found a large runed translucent door.
 10210 | Bailey   | Found a large runed translucent door.
 10269 | Bailey   | Reached skill level 13 in Shields
 10285 | Bailey   | Identified the +3 leather armour "Xuethem" {Harm rPois
                  | rC+++ Int-4}
 10475 | D:10     | Found a runed translucent gate.
 10475 | D:10     | Found an opulent altar of Gozag.
 10476 | D:10     | Found a runed translucent gate.
 10476 | D:10     | Found a runed translucent gate.
 10476 | D:10     | Noticed Sundig's ghost (journeyman FoFi)
 10520 | D:10     | Reached skill level 5 in Dodging
 10891 | D:10     | Found a staircase to the Lair.
 11224 | D:11     | Reached skill level 10 in Armour
 11270 | D:11     | Reached ****** piety under Qazlal
 11271 | D:11     | Reached skill level 10 in Fighting
 11582 | D:11     | Found Ephyqee's Self-Published Books.
 11833 | D:11     | Found a staircase to the Orcish Mines.
 12023 | D:11     | Noticed a boulder beetle
 12048 | D:11     | Killed a boulder beetle
 12704 | D:7      | Killed ShellytheWitch's ghost
 12714 | D:7      | Killed Grum
 12744 | D:7      | Identified the ring "Neun" {Ice Will- MP+9 Dex+8}
 13068 | D:12     | Reached skill level 5 in Evocations
 13105 | D:12     | Reached skill level 14 in Shields
 13129 | D:12     | Found a large runed translucent door.
 13129 | D:12     | Found a large runed translucent door.
 13153 | D:12     | Noticed tbh1313's ghost (journeyman MiBe)
 13172 | D:12     | Found a gate leading to a gauntlet.
 13177 | Gauntlet | Entered a Gauntlet
 13177 | Gauntlet | Found a transporter.
 13177 | Gauntlet | Found a transporter.
 13177 | Gauntlet | Found a transporter.
 13181 | Gauntlet | Found a transporter.
 13183 | Gauntlet | Found a transporter.
 13193 | Gauntlet | Found a transporter.
 13195 | Gauntlet | Found a transporter.
 13205 | Gauntlet | Found a transporter.
 13299 | Gauntlet | Found a transporter.
 13309 | Gauntlet | Found a transporter.
 13311 | Gauntlet | Found a transporter.
 13321 | Gauntlet | Found a transporter.
 13661 | Gauntlet | Reached XP level 13. HP: 64/83 MP: 5/18
 13684 | Gauntlet | Identified the +0 cloak "Jostro Guss" {rF++ rN++ MP+9}
 13726 | Gauntlet | Identified the ring "Tadotewi" {Ice Will+ rCorr Int+3
                  | Dex-4}
 13839 | Gauntlet | Noticed a minotaur
 13917 | Gauntlet | Killed a minotaur
 13923 | Gauntlet | Got Sif Muna's Excursus on the Tundra and Voltage
 14199 | D:12     | Noticed Kirke
 14208 | D:12     | Noticed a sphinx
 14226 | D:12     | Mangled by a sphinx

Illustrated notes

Levels and vault maps discovered:
D:1:      lightli_arrival_lavapool, layout_loops_cross, minmay_hedge_maze,
          minmay_indecisive_spiral
D:2:      layout_loops_ring, basic_altar, minivault_26,
          kennysheep_generic_room_9
D:3:      layout_loops_ring, overflow_temple_1_default
D:4:      layout_cave_pools, nicolae_dithmenos_the_darkroom,
          grunt_temple_overflow_cloverleaf, minmay_temple_entry_large_hall,
          nicolae_ossuary_entry_false_entrances, uniq_robin
D:5:      layout_cave_pools, minmay_a_box_with_orc_wizards_in_it
D:6:      layout_loops_ring, portal_sewer_entry_b
D:7:      layout_basic, gammafunk_ghost_gnarly_gnolls, chequers_arboretum
D:8:      nzn_winding_woodlands_large [nzn_winding_woodlands_5x5_checkerboard,
          nzn_winding_woodlands_5x15_jagged,
          nzn_winding_woodlands_5x5_perimeter,
          nzn_winding_woodlands_center_pierced_h,
          nzn_winding_woodlands_15x15_killbox,
          nzn_winding_woodlands_center_garden,
          nzn_winding_woodlands_5x5_open_star,
          nzn_winding_woodlands_5x15_pathside_ponds,
          nzn_winding_woodlands_5x5_three], layout_gridville,
          kennysheep_cross_bottleneck
D:9:      layout_basic, small_statue_intersection
D:10:     layout_basic, david_lair_shrubbed, ebering_ghost_gozag, enter_bailey_3
D:11:     layout_layer_cave, david_orc_1_choice, nicolae_custom_books
D:12:     layout_loops_ring, gauntlet_entry_generic,
          ebering_ghost_disaster_area, uniq_kirke

Skill      XL: |  1  2  3  4  5  6  7  8  9 10 11 12 13 |
---------------+----------------------------------------+-----
Long Blades    | 2 3 4 5 6 7 8 9 |  9.0
Shields        | 4 5 6 8 9 11 12 14 | 14.7
Armour         | 4 5 6 7 8 9 10 11 | 11.0
Fighting       | 4 5 6 7 8 9 10 11 | 11.0
Invocations    | 1 2 3 4 5 6 7 |  7.6
Dodging        | 1 2 3 4 5 |  5.7
Evocations     | 1 2 3 4 5 |  5.4

Action                     |  1- 3 |  4- 6 |  7- 9 | 10-12 | 13-15 || total
---------------------------+-------+-------+-------+-------+-------++-------
  Melee: Long sword        |   156 |   227 |   379 |     1 |       ||   763
         Unarmed           |       |       |    13 |       |     2 ||    15
         Scimitar          |       |       |       |   889 |   100 ||   989
  Evoke: Wand              |       |       |       |     9 |     5 ||    14
    Use: Scroll            |     6 |     3 |     9 |     4 |       ||    22
         Potion            |       |       |     6 |     6 |     2 ||    14
 Armour: Scale mail        |   113 |   144 |    48 |       |       ||   305
         Plate armour      |       |       |   402 |   669 |    53 ||  1124
         Skin              |       |       |     7 |       |    18 ||    25
  Dodge: Dodged            |    60 |    98 |   151 |   239 |    44 ||   592
         Repelled          |       |       |       |     2 |     1 ||     3
  Block: Buckler           |    37 |    76 |   239 |   309 |       ||   661
         Kite shield       |       |       |       |   722 |   113 ||   835
         Reflection        |       |       |       |     9 |       ||     9
         Other             |       |       |       |       |     1 ||     1

Table legend: (Time is in decaauts)
 A = Elapsed time spent in this place.
 B = Non-inter-level travel time spent in this place.
 C = Inter-level travel time spent in this place.
 D = Time resting spent in this place.
 E = Time spent auto-exploring this place.
 F = Levels seen in this place.
 G = Mean time per level.
                   A        B        C        D        E       F      G
               +--------+--------+--------+--------+--------+-----+--------+
         Total |  14485 |  13255 |   1230 |   1011 |   7231 |  16 |  905.3 |
       Dungeon |  12413 |  11183 |   1230 |    656 |   6775 |  12 | 1034.4 |
         Sewer |    308 |    308 |      0 |      0 |    170 |   1 |  308.0 |
       Ossuary |    423 |    423 |      0 |      0 |    146 |   1 |  423.0 |
        Bailey |    422 |    422 |      0 |    147 |      0 |   1 |  422.0 |
      Gauntlet |    918 |    918 |      0 |    208 |    140 |   1 |  918.0 |
               +--------+--------+--------+--------+--------+-----+--------+

Top non-repeatable levels by time:
     D:7: 1940 daAuts
     D:8: 1846 daAuts
    D:11: 1209 daAuts
    D:10: 1192 daAuts
     D:9: 1039 daAuts
     D:6: 990 daAuts
Gauntlet: 918 daAuts
     D:1: 877 daAuts
     D:4: 860 daAuts
     D:5: 749 daAuts
     D:3: 749 daAuts
     D:2: 707 daAuts
 Ossuary: 423 daAuts
  Bailey: 422 daAuts
   Sewer: 308 daAuts
